Map: Ulrena

Players

JohnnyC

  • Race: Terran Terran

LilDicky - Winner!

  • Race: Protoss Protoss
  • League: Diamond

VOD

http://www.twitch.tv/tumescentpie

Description

Time

  • Played on: Dec. 13, 2015, 9:57 p.m.
  • Length: 10:05
Show
View Real Time Build Order
Export as new Build Order

JohnnyC Terran 

Build Orders: 1/1/1, Liberator Opening 

Get SALT Encoding   

  12  0:01  SCV  
  13  0:13  SCV  
  14  0:19  Supply Depot  
  14  0:25  SCV  
  15  0:30  Refinery  
  15  0:41  SCV  
  16  0:45  Barracks  
  16  1:00  Supply Depot  
  16  1:02  SCV  
  17  1:12  Refinery  
  17  1:14  SCV  
  18  1:27  SCV  
  19  1:34  Marine  
  19  1:37  Factory  
  20  1:47  Orbital Command  
  20  2:09  Barracks Reactor  
  20  2:12  SCV  
  21  2:22  Factory Tech Lab  
  21  2:23  Starport  
  21  2:25  SCV  
  22  2:30  Supply Depot  
  22  2:40  SCV  
  22  2:43  Siege Tank  
  26  2:49  Marine x2  
  28  2:55  Supply Depot  
  28  2:57  SCV  
  29  3:04  Medivac  
  31  3:07  Marine x2  
  31  3:09  SCV  
  34  3:21  SCV  
  34  3:25  Engineering Bay  
  35  3:27  Supply Depot  
  38  3:34  Siege Tank  
  38  3:39  Marine  
  38  3:40  Marine  
  40  3:54  Liberator  
  40  4:06  Marine x2  
  40  4:07  Siege Tank  
  40  4:09  SCV  
  49  4:21  SCV  
  50  4:39  Marine x2  
  50  4:41  Siege Tank  
  30  5:18  Orbital Command  
Show
View Real Time Build Order
Export as new Build Order

LilDicky Protoss - Winner!

Build Orders: Dark Templar Rush 

Get SALT Encoding   

  12  0:05  Probe (Chrono Boost)  
  13  0:15  Probe (Chrono Boost)  
  13  0:19  Pylon  
  14  0:31  Probe (Chrono Boost)  
  14  0:33  Assimilator  
  15  0:43  Probe (Chrono Boost)  
  16  0:50  Gateway  
  16  0:53  Probe (Chrono Boost)  
  17  1:06  Probe (Chrono Boost)  
  18  1:15  Pylon  
  18  1:17  Probe (Chrono Boost)  
  19  1:28  Probe (Chrono Boost)  
  20  1:34  Pylon, Assimilator  
  20  1:44  Cybernetics Core  
  20  1:45  Probe (Chrono Boost)  
  21  1:56  Probe (Chrono Boost)  
  22  2:10  Probe (Chrono Boost)  
  23  2:20  Mothership Core (Chrono Boost)  
  23  2:21  Warp Gate (Chrono Boost)  
  25  2:26  Twilight Council  
  25  2:36  Gateway x2  
  25  2:41  Probe  
  26  2:49  Pylon  
  26  2:53  Probe  
  27  3:05  Probe, Dark Shrine  
  28  3:23  Pylon  
  28  3:27  Pylon  
  28  3:31  Probe  
  29  3:41  Forge  
  28  4:19  Dark Templar x3  
  34  4:29  Gateway  
  33  4:33  Photon Cannon  
  33  4:35  Photon Cannon  
  33  4:37  Photon Cannon  
  33  4:50  Pylon  
  33  4:55  Dark Templar  
  33  4:56  Dark Templar  
  37  5:20  Dark Templar  
  39  5:41  Dark Templar  
  41  5:45  Stalker  
  43  6:18  Dark Templar  
  43  6:54  Probe  
  43  6:57  Nexus, Robotics Facility  
  43  7:06  Probe  
  43  7:18  Probe  
  43  7:30  Probe (Chrono Boost)  
  43  7:35  Nexus  
  43  7:41  Probe (Chrono Boost)  
  43  7:44  Assimilator  
  43  7:46  Assimilator  
  43  7:52  Probe (Chrono Boost)  
  43  8:02  Probe (Chrono Boost)  
  43  8:04  Warp Prism (Chrono Boost)  
  43  8:09  Probe, Protoss Ground Weapons Level 1  
  43  8:14  Probe  
  43  8:19  Probe  
  43  8:26  Probe  
  43  8:30  Probe  
  43  8:33  Assimilator  
  43  8:37  Assimilator  
  43  8:49  Nexus  
  43  8:52  Probe  
  43  9:02  Pylon  
  43  9:04  Pylon  
  43  9:05  Pylon  
  43  9:29  Nexus  
  43  9:31  Probe x2  
  43  9:32  Probe  
  43  9:41  Probe  
  43  9:42  Probe  
  43  9:44  Probe  
  43  9:46  Nexus  
  43  9:52  Probe  
  43  9:54  Pylon  
  43  9:57  Pylon  
  43  10:00  Pylon  
  43  10:04  Pylon  
Tags
 
Add a new tag
Caveats
  • Supply blocks, unpowered buildings, or Contaminate may cause inaccurate times.
  • Supply counts are checked every 10 seconds.